 Dungeon Crawl Stone Soup version 0.25-a0-632-g7713895373 (webtiles) character file.

Game seed: 3774827165365887314, levelgen mode: classic

1606 EnegeticOcto the Slasher (level 8, -1/56 HPs)
             Began as an Octopode Fighter on Mar 19, 2020.
             Was a Priest of Elyvilon.
             Slain by a centaur (5 damage)
             ... on level 7 of the Dungeon.
             The game lasted 00:05:26 (7234 turns).

EnegeticOcto the Slasher (Octopode Fighter)         Turns: 7234, Time: 00:05:27

Health: -1/56      AC:  1    Str: 16    XL:     8   Next: 94%
Magic:  9/11       EV: 14    Int: 10    God:    Elyvilon [***...]
Gold:   187        SH: 10    Dex: 13    Spells: 7/7 levels left

rFire    . . .     SeeInvis .   a - +1 long sword
rCold    . . .     Gourm    .   b - +1 kite shield
rNeg     . . .     Faith    +   (helmet restricted)
rPois    .         Spirit   .   n - amulet of faith
rElec    .         Reflect  .   (no ring)
rCorr    .         Harm     .   (no ring)
MR       .....                  (no ring)
Stlth    ++........             (no ring)
HPRegen  0.18/turn              (no ring)
MPRegen  0.12/turn              (no ring)
                                (no ring)
                                (no ring)

@: lethally poisoned (-1 -> -2)
A: almost no armour, stealthy swim, amphibious, 8 rings, constrict 8, camouflage
1, gelatinous body 1
a: Lesser Healing, Heal Other, Purification, Divine Protection, Renounce
Religion


You were on level 7 of the Dungeon.
You worshipped Elyvilon.
Elyvilon was most pleased with you.
You were very hungry.

You visited 1 branch of the dungeon, and saw 7 of its levels.

You collected 187 gold pieces.

Inventory:

Hand Weapons
 a - a +1 long sword (weapon)
Armour
 b - a +1 kite shield (worn)
Jewellery
 d - an uncursed ring of fire
 n - an amulet of faith (around mantle)
Wands
 p - a wand of acid (7) {@v1}
 v - a wand of iceblast (8)
Scrolls
 c - a scroll of enchant armour
 l - 2 scrolls of teleportation {@r2}
 m - 6 scrolls of remove curse {@r6}
 q - 6 scrolls of blinking {@r3}
 r - a scroll of enchant weapon
Potions
 f - 2 potions of curing {@q1}
 g - a potion of invisibility
 h - 2 potions of ambrosia {unknown}
 i - a potion of mutation {unknown}
 j - 3 potions of stabbing {@q5}
 k - 4 potions of might {@q3}
 o - 2 potions of heal wounds {unknown}
 s - a potion of lignification {unknown}
 u - a potion of haste {unknown}
Comestibles
 e - 15 rations


   Skills:
 + Level 5.4 Fighting
 * Level 6.7 Long Blades
 + Level 5.3 Dodging
 + Level 5.3 Shields
 + Level 4.1 Invocations
 + Level 1.1 Evocations


You had 7 spell levels left.
You didn't know any spells.
Your spell library was empty.

Dungeon Overview and Level Annotations

Branches:
Dungeon (7/15)             Temple (0/1) D:4

Altars:
Elyvilon
Fedhas
Nemelex Xobeh
Sif Muna
Wu Jian
Xom
The Shining One

Annotations:
D:7 Dowan, Duvessa


Innate Abilities, Weirdness & Mutations

You cannot wear most types of armour.
You are very stealthy in the water. (Stealth+)
You are amphibious.
You can wear up to eight rings at the same time.
You can use your tentacles to constrict eight enemies at once.
Your skin changes colour to match your surroundings (Stealth+).
Your rubbery body absorbs attacks. (AC +1, EV +1)


Message History

You feel sick.
Things that are here:
a killer bee corpse x2
Eating one of 3 chunks of flesh.
You eat one of the 3 chunks of flesh.
This raw flesh tastes terrible.
You feel sick.
You feel sick.
You feel sick.
You feel sick.
You feel sick.
You feel sick.
You feel sick.
You feel sick.
You feel sick.
You feel sick.
You feel sick.
You feel sick.
You feel sick.
You feel sick.
You are no longer poisoned.
Some of the chunks of flesh in your inventory have rotted away.
All of the chunks of flesh in your inventory have rotted away.
You are feeling hungry.
l - 2 scrolls of teleportation {@r2} (gained 1)
Found a stone staircase leading down.
Found a spear.
r - a scroll of identify {@r1}
Found a scale mail.
Okay, then.
As you read the scroll of identify {@r1}, it crumbles to dust.
g - a potion of invisibility
Okay, then.
r - a scroll of enchant weapon
h - 2 inky potions (gained 1)
You see here a spear.
You open the door.
Found an ornate altar of the Wu Jian Council.
There is an open door here.
There is an open door here.
Found a stone staircase leading up.
Okay, then.
You can now provide greater healing for yourself.
A sky beast and a centaur come into view.
There are monsters nearby!
There are monsters nearby!
You block the sky beast's attack.
You closely miss the sky beast.
The centaur wields a +0 shortbow.
The centaur shoots an arrow.
The arrow hits you! You block the sky beast's attack.
The centaur shoots an arrow.
The arrow closely misses you.
An adder comes into view.
The sky beast flickers out of sight!
Deactivating autopickup; reactivate with Ctrl-A.
Something barely misses you.
The centaur shoots an arrow.
The arrow hits you!
The adder hisses angrily.
You see here an arrow.
You hear a shout!
A sky beast appears from thin air!
Reactivating autopickup.
The sky beast hits you. The sky beast shocks you.
You are healed.
You are feeling very hungry.
You can no longer provide greater healing for yourself.
The centaur unwields a +0 shortbow.
The centaur barely misses you. You block the centaur's attack.
You block the sky beast's attack.
You hit the centaur.
The centaur is lightly wounded.
You block the centaur's attack. The sky beast hits you.
The sky beast shocks you. The adder bites you.
You are poisoned.
The adder poisons you!
You hit the centaur.
The centaur is moderately wounded.
You feel sick. The centaur misses you. You block the adder's attack.
The centaur closely misses you.
You riposte.
You barely miss the centaur.
The centaur is moderately wounded.
The sky beast hits you. The sky beast shocks you.
Dowan, Brother of Duvessa comes into view.
He is wielding a +0 dagger and wearing a +1 robe of magic resistance.
You hit the centaur but do no damage.
The centaur is moderately wounded.
The centaur closely misses you. You block the adder's attack.
You block the sky beast's attack. The centaur hits you!
Okay, then.
You hit the centaur.
You squeeze the centaur, but do no damage.
The centaur is moderately wounded.
You block the adder's attack. The centaur hits you.
You block the sky beast's attack. The adder misses you.
You closely miss the centaur. Your squeeze misses the centaur.
The centaur is moderately wounded.
You feel sick. You block the centaur's attack. The adder bites you.
* * * LOW HITPOINT WARNING * * *
The sky beast flickers out of sight!
Deactivating autopickup; reactivate with Ctrl-A.
Something hits you.
* * * LOW HITPOINT WARNING * * *
Something shocks you.
* * * LOW HITPOINT WARNING * * *
Duvessa, Sister of Dowan comes into view.
She is wielding a +2 short sword of speed.
The centaur hits you.
You die...

... .# # #....e....#
.# .# #.........#
.###.## ##.........
....... ...<.e....##
.....# #.........#
....[# #.........#
.###.## #......S..#
.# #..# #......@c.#
.###..# ##.....({..#
......###......≈..##
#.###.....##(....##
#.# ##...#########
#.###..### #####
#.....## #>..# #####
##'#### #...# #...#
.....# #...###...#


You could see Duvessa (wandering), Dowan, a centaur and an adder.

Vanquished Creatures
  2 ogres (D:5)
  A phantom (D:5)
  A centaur (D:6)
  A bullfrog (D:6)
  3 killer bees (D:7)
  3 crimson imps
  5 orc priests
  A bullfrog skeleton (D:4)
  A centaur skeleton (D:5)
  7 orc wizards
  8 worker ants
  A howler monkey skeleton (D:4)
  7 gnolls
  14 adders
  2 shadow imps (D:5)
  An ooze (D:1)
  2 adder skeletons (D:4)
  3 worms
  3 dart slugs
  7 leopard geckos
  24 orcs
  4 giant cockroaches
  7 goblins
  8 hobgoblins
  7 jackals
  3 quokkas (D:2)
  3 ball pythons
  6 bats
  10 frilled lizards
  A jackal zombie (D:5)
  6 kobolds
  5 rats
157 creatures vanquished.

Vanquished Creatures (others)
  A frilled lizard (D:2)
1 creature vanquished.

Grand Total: 158 creatures vanquished

Notes
Turn   | Place    | Note
-------+----------+-------------------------------------------
     0 | D:1      | EnegeticOcto the Octopode Fighter began the quest for the
                  | Orb.
     0 | D:1      | Reached XP level 1. HP: 16/16 MP: 1/1
   192 | D:1      | Reached XP level 2. HP: 21/21 MP: 2/2
   658 | D:2      | Reached XP level 3. HP: 26/26 MP: 3/3
   682 | D:2      | Reached skill level 3 in Long Blades
   684 | D:2      | Reached XP level 4. HP: 27/31 MP: 4/4
   908 | D:2      | Found a white marble altar of Elyvilon.
   916 | D:2      | Became a worshipper of Elyvilon the Healer
  1502 | D:2      | Reached XP level 5. HP: 23/36 MP: 5/5
  2065 | D:3      | Reached * piety under Elyvilon
  2077 | D:3      | Reached skill level 1 in Invocations
  2414 | D:3      | Found a shimmering blue altar of Sif Muna.
  2566 | D:3      | Reached skill level 4 in Long Blades
  2566 | D:3      | Reached XP level 6. HP: 43/43 MP: 5/7
  3612 | D:4      | Found a sparkling altar of Nemelex Xobeh.
  3707 | D:4      | Reached XP level 7. HP: 36/48 MP: 8/8
  3976 | D:4      | Found a staircase to the Ecumenical Temple.
  4012 | D:5      | Entered Level 5 of the Dungeon
  4012 | D:5      | Reached ** piety under Elyvilon
  4664 | D:5      | Reached skill level 5 in Long Blades
  4923 | D:5      | Reached XP level 8. HP: 37/54 MP: 10/10
  5265 | D:5      | Found a blossoming altar of Fedhas.
  5267 | D:5      | Found a glowing golden altar of the Shining One.
  5739 | D:6      | Reached skill level 6 in Long Blades
  5797 | D:6      | Reached *** piety under Elyvilon
  5923 | D:6      | Reached skill level 5 in Fighting
  5923 | D:6      | Reached skill level 5 in Shields
  5967 | D:6      | Reached skill level 5 in Dodging
  6004 | D:6      | Found a shimmering altar of Xom.
  6534 | D:7      | Reached **** piety under Elyvilon
  6893 | D:7      | Reached skill level 1 in Evocations
  7210 | D:7      | Found an ornate altar of the Wu Jian Council.
  7231 | D:7      | Noticed Dowan
  7234 | D:7      | Noticed Duvessa
  7234 | D:7      | Slain by a centaur

Levels and vault maps discovered:
D:1:      saegor_arrival_simple_b, layout_basic
D:2:      kennysheep_six_static_rooms, layout_loops_corners, elyvilon_altar_4
D:3:      layout_loops_ring, led_sif_pool
D:4:      layout_basic, lemuel_crystal_altar, minmay_temple_entry_offerings
D:5:      layout_cave_pools, overflow_temple_1_default,
          overflow_temple_1_default, first_ration
D:6:      layout_basic, basic_altar
D:7:      layout_rooms, kennysheep_little_box, minmay_misc_feat_cross,
          uniq_duvessa

Skill      XL: |  1  2  3  4  5  6  7  8 |
---------------+-------------------------+-----
Long Blades    | 3 4 5 6 |  6.7
Invocations    | 1 2 3 4 |  4.1
Fighting       | 4 5 |  5.4
Shields        | 4 5 |  5.3
Dodging        | 4 5 |  5.3
Evocations     | 1 |  1.1

Action                   |  1- 3 |  4- 6 |  7- 9 || total
-------------------------+-------+-------+-------++-------
Melee: Long sword        |    28 |   152 |   185 ||   365
       Constrict         |     7 |    54 |    41 ||   102
       Tentacles         |     6 |    37 |    37 ||    80
Invok: Lesser Healing    |       |       |     4 ||     4
       Greater Healing   |       |       |     2 ||     2
  Use: Scroll            |       |     6 |     6 ||    12
 Stab: Sleeping          |     3 |    13 |     7 ||    23
  Eat: Chunk             |       |     9 |     8 ||    17
       Ration            |       |       |     1 ||     1
Armor: Skin              |     2 |     1 |     4 ||     7
Dodge: Dodged            |    19 |    58 |    87 ||   164
Block: Kite shield       |    11 |    65 |    96 ||   172
       Rpst.: Long sword |     4 |    19 |    23 ||    46

Table legend:
 A = Non-vault XP
 B = Vault XP
 C = Vault XP percentage of total XP
 D = Non-vault monster count
 E = Vault monster count
 F = Vault count percentage of total count
                 A         B        C        D         E       F
            +---------+---------+-------+---------+---------+-------
      Total |    2270 |      25 |   1.1 |     151 |       6 |   3.8
            +---------+---------+-------+---------+---------+-------
        D:1 |      29 |       0 |   0.0 |      13 |       0 |   0.0
        D:2 |     167 |      25 |  13.0 |      30 |       6 |  16.7
        D:3 |     169 |       0 |   0.0 |      32 |       0 |   0.0
        D:4 |     251 |       0 |   0.0 |      23 |       0 |   0.0
        D:5 |     898 |       0 |   0.0 |      30 |       0 |   0.0
        D:6 |     404 |       0 |   0.0 |      13 |       0 |   0.0
        D:7 |     352 |       0 |   0.0 |      10 |       0 |   0.0
            +---------+---------+-------+---------+---------+-------
